 Dungeon Crawl Stone Soup version 0.16.2-3-ga078185 (webtiles) character file.

142 dearth the Cudgeler (level 5, -2/47 HPs)
             Began as a Minotaur Fighter on Sept 6, 2015.
             Killed from afar by an orc wizard (10 damage)
             ... with a puff of flame
             ... on level 3 of the Dungeon.
             The game lasted 00:03:35 (1209 turns).

dearth the Cudgeler (Minotaur Fighter)              Turns: 1209, Time: 00:03:35

Health: -2/47      AC:  7    Str: 21    XL:     5   Next: 3%
Magic:  2/2        EV:  7    Int:  5    God:
Gold:   152        SH:  9    Dex: 10    Spells: 0 memorised, 4 levels left

rFire  . . .     SeeInvis .     a - +0 flail
rCold  . . .     Clarity  .     b - +0 scale mail
rNeg   . . .     SustAb   .     c - +0 shield
rPois  .         Gourm    .     (helmet restricted)
rElec  .         Spirit   .     (no cloak)
rCorr  .         Warding  .     (no gloves)
rMut   .         Stasis   .     (no boots)
MR     .....                    (no amulet)
Stlth  ..........               (no ring)
                                (no ring)

@: not resistant to hostile enchantments, extremely unstealthy
A: retaliatory headbutt, horns 2
a: no special abilities


You were on level 3 of the Dungeon.
You were not hungry.

You visited 1 branch of the dungeon, and saw 3 of its levels.

You collected 152 gold pieces.

Inventory:

Hand weapons
 a - a +0 flail (weapon)
Armour
 b - a +0 scale mail (worn)
 c - a +0 shield (worn)
Scrolls
 f - a scroll of enchant weapon {unknown}
 i - 2 scrolls of identify {unknown}
 k - 5 scrolls of enchant armour {unknown}
 l - 4 scrolls of remove curse {unknown}
 m - a scroll of immolation {unknown}
 n - 2 scrolls of blinking {unknown}
 p - 2 scrolls of noise {unknown}
 r - a scroll of teleportation {unknown}
Potions
 g - a potion of resistance {unknown}
 h - 3 potions of curing {unknown}
 j - 4 potions of heal wounds {unknown}
 s - a potion of degeneration {unknown}
Comestibles
 d - 2 bread rations
 o - a meat ration
 q - a beef jerky


   Skills:
 + Level 4.4 Fighting
 * Level 4.6 Maces & Flails
 + Level 4.3 Armour
 + Level 4.3 Shields


You had 4 spell levels left.
You didn't know any spells.

Dungeon Overview and Level Annotations

Branches:
Dungeon (3/15)

Altars:
Makhleb


Innate Abilities, Weirdness & Mutations

You reflexively headbutt those who attack you in melee.
You have a pair of horns on your head.


Message History

Something hits you but does no damage. x2
Unknown command.
You barely miss something. Something hits you.
* * * LOW HITPOINT WARNING * * *
You closely miss something. Your headbutt misses something.
Something hits you but does no damage.
You barely miss something. Something hits you but does no damage.
You closely miss something. Something hits you.
* * * LOW HITPOINT WARNING * * *
An orc comes into view. It is wielding a mace.
Your shield prevents you from hitting something.
The orc shouts!
Something hits you but does no damage.
Unknown command.
You miss something. Your headbutt misses something.
Something hits you but does no damage. x2
You barely miss something.
You hear some strange, mumbled words.
The puff of flame hits you!
You die...

###### #### #.....####
....# #........# ....).
#..##..#.######......
#..#<....#............
#.....>......@{o......
###....<..#.....###..##
#.......)............
.##...[..............
#.###.....#.#.......
#.###.##).#.######.
#.)....)))#.#####
#.....))).........
#.......#..#####.


You could see an orc.

Vanquished Creatures
  An orc wizard (D:3)
  Robin (D:3)
  4 adders
  2 giant geckos (D:1)
  An ooze (D:3)
  An orc (D:3)
  A ball python (D:3)
  5 bats
  2 giant cockroaches (D:1)
  16 goblins
  9 hobgoblins
  2 jackals (D:1)
  2 quokkas (D:3)
  4 giant newts
  4 kobolds
  8 rats
63 creatures vanquished.

Notes
Turn   | Place    | Note
--------------------------------------------------------------
     0 | D:1      | dearth, the Minotaur Fighter, began the quest for the Orb.
     0 | D:1      | Reached XP level 1. HP: 19/19 MP: 1/1
   114 | D:1      | Reached XP level 2. HP: 22/27 MP: 1/1
   193 | D:1      | Reached skill level 4 in Shields
   574 | D:2      | Reached XP level 3. HP: 26/33 MP: 2/2
   763 | D:2      | Found a burning altar of Makhleb.
   933 | D:3      | Reached XP level 4. HP: 30/40 MP: 2/2
  1151 | D:3      | Noticed Robin
  1166 | D:3      | Killed Robin
  1197 | D:3      | Reached XP level 5. HP: 14/47 MP: 2/2
  1209 | D:3      | Killed from afar by an orc wizard

Action                   |  1- 3 |  4- 6 || total
-------------------------+-------+-------++-------
Melee: Flail             |    94 |    52 ||   146
  Use: Potion            |       |     1 ||     1
  Eat: Chunk             |       |     1 ||     1
